 Dungeon Crawl Stone Soup version 0.21-a0-221-gfe971b9 (webtiles) character file.

178486 roguesci the Dancer (level 17, -23/131 HPs)
             Began as a Demonspawn Skald on Aug 23, 2017.
             Was a Follower of Uskayaw.
             Killed from afar by a thorn hunter (36 damage)
             ... with a volley of thorns
             ... on level 1 of the Swamp on Aug 25, 2017.
             The game lasted 04:19:33 (51691 turns).

roguesci the Dancer (Demonspawn Skald)             Turns: 51691, Time: 04:19:33

Health: -23/131    AC: 26    Str: 23    XL:     17   Next: 57%
Magic:  26/31      EV: 20    Int: 19    God:    Uskayaw [*.....]
Gold:   768        SH:  0    Dex: 20    Spells: 13/37 levels left

rFire    + + .     SeeInvis .   u - +7 battleaxe "Veklexax" {chop, rF+ Dex+5}
rCold    . . .     Gourm    .   (shield currently unavailable)
rNeg     . . .     Faith    .   A - +5 scale mail of Terror {Str+3 Dex+2}
rPois    .         Spirit   .   (helmet restricted)
rElec    .         Reflect  .   z - +2 cloak
rCorr    .         Harm     .   h - +2 pair of gloves
MR       +++..                  J - +2 pair of boots
Stlth    +++.......             g - amulet of magic regeneration
HPRegen  1.31/turn              R - ring of protection from fire
MPRegen  0.47/turn              m - +4 ring of strength

@: shrouded, infused, regenerating, very slow
A: horns 2, talons 2, slimy green scales 1, clever 1, demonic guardian 2, magic
resistance 2, nightstalker 2, screaming 1, wild magic 1, augmentation 1
a: Stomp, Renounce Religion


You were on level 1 of the Swamp.
You worshipped Uskayaw.
Uskayaw was pleased with you.
You were not hungry.

You visited 7 branches of the dungeon, and saw 28 of its levels.
You visited 1 bazaar.

You collected 3129 gold pieces.
You spent 2361 gold pieces at shops.

Inventory:

Hand Weapons
 u - the +7 battleaxe "Veklexax" (weapon) {chop, rF+ Dex+5}
   (You bought it in a shop on level 2 of the Orcish Mines)

   It inflicts extra damage upon your enemies.
   It affects your dexterity (+5).
   It protects you from fire.
Missiles
 i - 854 stones (quivered)
 j - 2 throwing nets
Armour
 c - +0 swamp dragon scales
 h - a +2 pair of gloves (worn)
 z - a +2 cloak (worn)
 A - the +5 scale mail of Terror (worn) {Str+3 Dex+2}
   (You found it on level 6 of the Dungeon)

   It affects your strength (+3).
   It affects your dexterity (+2).
 I - a scarf of spirit shield
 J - a +2 pair of boots (worn)
 M - a +2 buckler
Jewellery
 e - a cursed amulet of inaccuracy {unknown}
 g - an amulet of magic regeneration (around neck)
 m - a +4 ring of strength (right hand)
 F - an uncursed ring of protection from cold
 G - an uncursed ring of see invisible
 H - an uncursed ring of fire
 R - a ring of protection from fire (left hand)
 S - an uncursed ring of resist corrosion
 W - an uncursed ring of positive energy
 Y - an uncursed ring of protection from cold
Wands
 k - a wand of iceblast (9/15)
 n - a wand of digging (12/24)
 q - a wand of iceblast (7/15)
 P - a wand of flame (33/48)
Scrolls
 b - 3 scrolls of magic mapping
 f - 4 scrolls of fog
 l - 3 scrolls of teleportation
 o - 5 scrolls of amnesia
 p - 8 scrolls of enchant weapon
 t - 3 scrolls of recharging
 v - 10 scrolls of enchant armour
 w - a scroll of immolation
 x - 12 scrolls of remove curse
 L - 3 scrolls of summoning
 Q - a scroll of blinking
 U - 2 scrolls of silence
Potions
 r - 3 potions of flight
 s - 4 potions of brilliance
 B - 4 potions of cancellation
 C - a potion of resistance
 K - 2 potions of agility
 N - 2 potions of berserk rage
 O - a potion of ambrosia
 V - a potion of magic
Books
 a - a book of the Warp

   Spells                             Type                      Level
   a - Gell's Gravitas                Translocation                3
   b - Portal Projectile              Hexes/Translocation          3
   c - Force Lance                    Conjuration/Translocation    4
   d - Dispersal                      Translocation                6
   e - Controlled Blink               Translocation                8
   f - Disjunction                    Translocation                8
 y - a book of Spatial Translocations

   Spells                             Type                      Level
   a - Blink                          Translocation                2
   b - Shroud of Golubria             Charms/Translocation         2
   c - Lesser Beckoning               Translocation                3
   d - Gell's Gravitas                Translocation                3
   e - Teleport Other                 Translocation                3
   f - Passage of Golubria            Translocation                4
Comestibles
 d - 17 bread rations
 E - 6 chunks of flesh
 T - 6 meat rations


   Skills:
 + Level 11.0 Fighting
 + Level 10.4 Axes
 + Level 10.1 Armour
 * Level 13.2 Dodging
 + Level 9.9 Stealth
 + Level 10.8 Spellcasting
 - Level 6.4 Charms
 - Level 5.4 Necromancy
 * Level 8.8 Translocations
 + Level 15.2 Invocations


You had 13 spell levels left.
You knew the following spells:

 Your Spells              Type           Power        Failure   Level  Hunger
a - Infusion              Chrm           ####         2%          1    None
b - Shroud of Golubria    Chrm/Tloc      ######....   1%          2    None
c - Regeneration          Chrm/Necr      #####.....   6%          3    None
d - Gell's Gravitas       Tloc           ######....   2%          3    None
e - Dispersal             Tloc           ######....   58%         6    ######.
f - Call Imp              Summ           ##......     30%         2    None
g - Teleport Other        Tloc           ######..     2%          3    None
h - Passage of Golubria   Tloc           N/A          6%          4    ##.....


Dungeon Overview and Level Annotations

Branches:
Dungeon (14/15)            Temple (1/1) D:6            Lair (6/6) D:10
  Swamp (1/4) Lair:3       Spider (1/4) Lair:2        Slime (0/5) Lair:5
    Orc (2/2) D:10            Elf (3/3) Orc:2        Vaults (0/5) D:14

Altars:
Ashenzari
Cheibriados
Dithmenos
Elyvilon
Fedhas
Gozag
Hepliaklqana
Kikubaaqudgha
Makhleb
Nemelex Xobeh
Okawaru
Qazlal
Ru
Sif Muna
Trog
Uskayaw
Vehumet
Wu Jian
Xom
Yredelemnul
Zin
The Shining One
Jiyva

Shops:
D:7 *   D:9 :   Orc:2 *((   Elf:2 *   Elf:3 }

Portals:
Trove: D:14 (give book of Burglary)


Innate Abilities, Weirdness & Mutations

You have a pair of horns on your head.
You are partially covered in slimy green scales. (AC +2)
A demonic guardian rushes to your aid.
You are significantly more attuned to the shadows.
Your magical and physical power is slightly enhanced at high health.
You have razor-sharp toenails.
Your mind is acute. (Int +2)
You are highly resistant to hostile enchantments. (MR++)
You occasionally shout uncontrollably at your foes.
Your spells are a little harder to cast, but a little more powerful.


Message History

You feel better.
The thorn hunter fires a volley of thorns at you.
The volley of thorns misses you.
Your ice devil hits the briar patch.
The briar patch is destroyed!
Unknown command.
You hit the briar patch.
The briar patch is lightly damaged.
You are struck by the briar patch's thorns.
* * * LOW HITPOINT WARNING * * *
You hit the briar patch.
The thorn hunter fires a volley of thorns at you.
The volley of thorns hits you!
* * * LOW HITPOINT WARNING * * *
The thorn hunter fires a volley of thorns at you.
The volley of thorns hits you!
* * * LOW HITPOINT WARNING * * *
You feel better.
The thorn hunter fires a volley of thorns at you.
The volley of thorns hits you!
You die...

♣♣≈♣♣.≈..≈≈....≈..≈≈..≈..≈♣≈..♣♣
♣.≈♣♣.≈.♣≈≈.≈≈≈≈≈♣≈≈.≈≈≈.....♣♣
.≈≈♣..≈§≈..≈.≈≈≈≈...≈≈≈≈≈...♣♣
≈≈...≈≈≈≈≈......♣♣.≈≈≈≈≈≈≈§.♣♣
≈≈≈§.♣≈≈.....♣♣♣♣♣≈≈.♣≈≈≈.≈≈.♣
≈♣≈≈..≈≈...♣..♣PP..♣.♣≈≈≈†..♣♣
♣†≈♣≈≈≈≈≈.≈♣♣.fP♣≈...≈≈≈♣...♣
..÷≈≈≈..≈≈≈♣♣♣PP4≈≈.....)§♣.♣
♣....≈≈♣§.♣♣ ♣♣P@≈.♣.≈≈♣♣≈≈.♣
.≈≈.≈≈≈≈≈♣♣ ♣♣.....§§P♣.≈.♣
♣........♣ ♣♣♣..§≈≈P♣.≈≈♣
♣♣.♣≈≈≈.♣♣ ♣.≈≈≈.P....♣
♣.≈§....♣ ♣.≈≈≈.♣.≈≈≈♣ ♣♣.≈.♣♣.♣
♣...≈.P.♣≈≈♣♣ ♣.≈.♣♣.♣♣♣
♣.≈≈♣.P.≈≈..♣ ♣.≈≈♣.≈≈≈♣♣
♣♣PPPPP.≈≈≈.♣♣♣ ♣♣.≈≈≈≈≈≈.♣
♣≈≈≈♣♣.≈≈≈.♣.♣♣


You could see a thorn hunter and a friendly ice devil.

Vanquished Creatures
  Rupert (D:13)
  Louise (Elf:2)
  5 deep elf elementalists
  Azrael (Elf:2)
  A deep elf death mage (Elf:3)
  Erolcha (Orc:1)
  Josephine (Orc:2)
  An ice dragon (Lair:6)
  5 hydras
  5 centaur warriors
  A ghost crab (Swamp:1)
  7 two-headed ogres
  A death knight (D:14)
  31 dancing weapons
  6 alligators (Swamp:1)
  Urug (D:10)
  2 orc high priests (Orc:2)
  5 death yaks
  Sonja (D:11)
  Nergalle (Lair:2)
  23 deep elf knights
  5 skeletal warriors
  A swamp dragon (shapeshifter) (Elf:3)
  A shambling mangrove (Swamp:1)
  An unseen horror (D:11)
  A swamp dragon (Swamp:1)
  13 deep elf archers
  An obsidian statue (D:11)
  A lindwurm (Lair:6)
  An orc knight (D:14)
  59 deep elf magi
  An oklob plant (D:11)
  3 wolf spiders
  4 ugly things (D:14)
  A cyclops (D:12)
  14 elephants
  A centaur zombie (D:14)
  Joseph (Lair:1)
  A guardian serpent (Lair:6)
  7 black mambas
  3 gargoyles
  5 torpor snails
  21 spiny frogs
  A kobold demonologist (D:11)
  11 komodo dragons
  2 rime drakes
  3 freezing wraiths (D:14)
  The ghost of Ijustatesigmund the Chopper, an amateur MiFi (D:4)
  2 trolls (Orc:1)
  3 polar bears
  4 tyrant leeches (Lair:6)
  14 hornets
  2 jumping spiders (Lair:2)
  4 bog bodies (Swamp:1)
  20 blink frogs
  A hippogriff (shapeshifter) (D:14)
  3 water elementals
  13 hippogriffs
  3 dream sheep (Lair:5)
  4 redbacks
  A spriggan (Swamp:1)
  4 air elementals
  A shadow (D:11)
  A tarantella (Spider:1)
  35 yaks
  6 wraiths
  9 wyverns
  A human (shapeshifter) (Elf:2)
  6 basilisks
  Grum (D:11)
  9 fire elementals
  A steam dragon (shapeshifter) (D:14)
  16 humans (D:14)
  16 vampire mosquitoes
  3 hungry ghosts
  A warg (Orc:1)
  A warg (shapeshifter) (Elf:1)
  9 swamp worms
  19 water moccasins
  5 hell hounds (Elf:2)
  2 ice beasts
  6 porcupines
  A swamp drake (Swamp:1)
  A black bear (D:6)
  24 orc warriors
  4 phantoms
  3 sky beasts
  A necrophage (D:10)
  13 ogres
  14 centaurs
  8 crocodiles
  10 wolves
  8 big kobolds
  19 bullfrogs
  5 earth elementals
  A gnoll sergeant (D:9)
  2 wyvern skeletons
  4 scorpions
  6 killer bees (D:9)
  An oklob sapling (D:11)
  3 wights (D:11)
  A howler monkey (D:8)
  An electric eel (Lair:3)
  A bullfrog zombie (D:5)
  6 crimson imps
  A quasit (D:6)
  13 hounds
  3 jellies
  4 bullfrog skeletons
  27 orc priests
  Crazy Yiuf (D:5)
  5 centaur skeletons
  3 gnoll shamans
  A hell rat (D:10)
  2 iguanas
  35 orc wizards
  13 worker ants
  22 gnolls
  14 adders
  5 river rats (D:10)
  4 shadow imps
  4 oozes
  4 adder skeletons
  A worm (D:2)
  A dart slug (D:1)
  10 leopard geckos
  76 orcs
  7 giant cockroaches
  5 goblins
  21 hobgoblins
  8 jackals
  4 quokkas
  8 ball pythons
  7 bats
  11 frilled lizards
  A giant cockroach zombie (D:6)
  A jackal zombie (D:7)
  42 kobolds
  11 rats
  A briar patch (Swamp:1)
  8 fungi
  10 plants
1022 creatures vanquished.

Vanquished Creatures (collateral kills)
  A deep elf demonologist (Elf:2)
  The ghost of p0werm0de the Fighter, a novice DgWn (D:9)
  A two-headed ogre (D:10)
  A dancing weapon (Elf:2)
  2 alligators (Swamp:1)
  A death yak (Lair:5)
  2 deep elf knights
  A lindwurm (Lair:6)
  3 deep elf magi
  4 orc sorcerers (Orc:2)
  A moth of wrath (shapeshifter) (Elf:3)
  A black mamba (Lair:5)
  2 spiny frogs
  A torpor snail (Lair:6)
  2 dream sheep (Lair:5)
  2 blink frogs
  A wraith (Orc:1)
  Eustachio (D:6)
  A yak (Lair:6)
  A vampire mosquito (Swamp:1)
  2 ice beasts (D:7)
  2 orc warriors (D:7)
  A phantom (D:4)
  3 ogres
  A centaur (D:5)
  Blork the orc (D:4)
  2 bullfrogs (Lair:3)
  A water moccasin zombie (D:6)
  2 scorpions (D:5)
  A howler monkey (D:4)
  2 crimson imps
  A hound (D:5)
  2 orc wizards
  An iguana (D:5)
  2 worker ants
  2 gnolls
  6 orcs
  A bat (D:3)
  A leopard gecko skeleton (D:6)
  A briar patch (Swamp:1)
  A fungus (Lair:2)
66 creatures vanquished.

Vanquished Creatures (others)
  A dancing weapon (Elf:1)
  A deep elf knight (Elf:1)
  A deep elf mage (Elf:1)
  36 fungi
  70 plants
109 creatures vanquished.

Grand Total: 1197 creatures vanquished

Notes
Turn   | Place    | Note
-------+----------+-------------------------------------------
     0 | D:1      | roguesci the Demonspawn Skald began the quest for the Orb.
     0 | D:1      | Reached XP level 1. HP: 16/16 MP: 3/3
   651 | D:1      | Reached skill level 1 in Armour
   655 | D:1      | Gained mutation: You are slightly more attuned to the shadows. [demonic ancestry]
   655 | D:1      | Reached XP level 2. HP: 15/22 MP: 5/5
  1428 | D:1      | Reached XP level 3. HP: 4/27 MP: 1/6
  1752 | D:1      | Found a shimmering altar of Xom.
  2154 | D:2      | Learned a level 2 spell: Shroud of Golubria
  3373 | D:3      | Gained mutation: A weak demonic guardian rushes to your aid. [demonic ancestry]
  3373 | D:3      | Reached XP level 4. HP: 15/34 MP: 1/7
  3880 | D:3      | Reached skill level 1 in Stealth
  4469 | D:3      | Reached XP level 5. HP: 26/39 MP: 9/9
  5602 | D:4      | Noticed an ogre
  5607 | D:4      | Killed an ogre
  5844 | D:4      | Reached XP level 6. HP: 32/46 MP: 10/10
  5951 | D:4      | Noticed Ijustatesigmund's ghost (amateur MiFi)
  6028 | D:4      | Noticed Blork the orc
  6221 | D:4      | Killed Blork the orc
  6507 | D:4      | Found a white marble altar of Elyvilon.
  6772 | D:4      | Killed Ijustatesigmund's ghost
  6772 | D:4      | Reached XP level 7. HP: 30/52 MP: 6/12
  6922 | D:5      | Entered Level 5 of the Dungeon
  7334 | D:5      | Gained mutation: Your mind is acute. (Int +2) [potion of mutation]
  7334 | D:5      | Gained mutation: Your spells are a little easier to cast, but a little less powerful. [potion of mutation]
  7334 | D:5      | Gained mutation: You are covered in fur. (AC +1) [potion of mutation]
  7491 | D:5      | Learned a level 3 spell: Regeneration
  8078 | D:5      | Reached XP level 8. HP: 45/60 MP: 11/14
  8081 | D:5      | Lost mutation: Your mind is acute. (Int +2) [mutagenic meat]
  8082 | D:5      | Gained mutation: You expend magic power (3 MP) to strengthen your wands. [mutagenic meat]
  8083 | D:5      | Gained mutation: Your mind is acute. (Int +2) [mutagenic meat]
  8084 | D:5      | Lost mutation: Your mind is acute. (Int +2) [mutagenic meat]
  8085 | D:5      | Gained mutation: You have large cloven feet. [mutagenic meat]
  8298 | D:5      | Found a runed door.
  8548 | D:5      | Noticed Crazy Yiuf
  8561 | D:5      | Killed Crazy Yiuf
  8654 | D:6      | Got a brightly glowing scale mail
  8940 | D:5      | Identified the +5 scale mail of Terror {Str+3 Dex+2} (You found it on level 6 of the Dungeon)
  9339 | D:6      | Noticed Eustachio
  9355 | D:6      | Killed Eustachio
  9593 | D:6      | Found an ancient bone altar of Kikubaaqudgha.
  9910 | D:6      | Found a hazy altar of Hepliaklqana.
  9913 | D:6      | Found a bloodstained altar of Trog.
  9997 | D:6      | Found a staircase to the Ecumenical Temple.
 10035 | D:6      | Got an iridescent dagger
 10069 | Temple   | Entered the Ecumenical Temple
 10148 | Temple   | Became a worshipper of Uskayaw the Reveler
 10245 | D:6      | Reached * piety under Uskayaw
 10272 | D:6      | Identified the +4 dagger "Keikauwi" {flame, rElec Str+3} (You found it on level 6 of the Dungeon)
 10412 | D:6      | Reached ** piety under Uskayaw
 10650 | D:7      | Reached skill level 5 in Dodging
 10685 | D:7      | Reached skill level 1 in Invocations
 10741 | D:7      | Reached *** piety under Uskayaw
 10762 | D:7      | Reached skill level 5 in Spellcasting
 10771 | D:7      | Reached skill level 1 in Necromancy
 10869 | D:7      | Gained mutation: You have a pair of small horns on your head. [demonic ancestry]
 10869 | D:7      | Reached XP level 9. HP: 52/65 MP: 16/16
 10926 | D:7      | Reached skill level 2 in Invocations
 11100 | D:7      | Reached skill level 3 in Invocations
 11497 | D:7      | Reached skill level 5 in Axes
 11503 | D:7      | Reached **** piety under Uskayaw
 11640 | D:7      | Found Zin's Purification Station.
 11641 | D:7      | Found a glowing silver altar of Zin.
 12049 | D:8      | Noticed a two-headed ogre
 12073 | D:8      | Killed a two-headed ogre
 12073 | D:8      | Reached skill level 4 in Invocations
 12152 | D:8      | Reached skill level 5 in Fighting
 12152 | D:8      | Reached XP level 10. HP: 34/74 MP: 13/18
 12556 | D:8      | Reached skill level 5 in Invocations
 12872 | D:8      | Found an iron altar of Okawaru.
 12923 | D:8      | Reached ***** piety under Uskayaw
 13069 | D:8      | Got a fine robe
 13153 | D:8      | Identified the +1 robe "Diudwug" {Int+2} (You found it on level 8 of the Dungeon)
 13213 | D:8      | Reached skill level 6 in Invocations
 13875 | D:9      | Found Qixiurha's Book Shoppe.
 14935 | D:9      | Reached skill level 7 in Invocations
 15250 | D:10     | Entered Level 10 of the Dungeon
 15262 | D:10     | Noticed a death yak
 15265 | D:10     | Noticed a death yak
 15280 | D:10     | Noticed a death yak
 15488 | D:9      | Killed a death yak
 15488 | D:9      | Reached skill level 5 in Armour
 15488 | D:9      | Reached XP level 11. HP: 70/81 MP: 7/20
 15656 | D:9      | Killed a death yak
 15884 | D:9      | Noticed p0werm0de's ghost (novice DgWn)
 15989 | D:9      | Killed p0werm0de's ghost
 16312 | D:10     | Found a staircase to the Orcish Mines.
 16419 | D:10     | Killed a death yak
 16419 | D:10     | Reached skill level 5 in Stealth
 16545 | D:10     | Reached skill level 8 in Invocations
 16554 | D:10     | Noticed a two-headed ogre
 16814 | D:10     | Killed a two-headed ogre
 17054 | D:10     | Found a staircase to the Lair.
 17067 | D:10     | Got a twisted plate armour
 17080 | D:10     | Identified the +6 plate armour "Esuaq" {rElec rPois rF+ Int-2} (You found it on level 10 of the Dungeon)
 17435 | Orc:1    | Entered Level 1 of the Orcish Mines
 18288 | Orc:2    | Entered Level 2 of the Orcish Mines
 18288 | Orc:2    | Found a staircase to the Elven Halls.
 18288 | Orc:2    | Noticed Erolcha
 18289 | Orc:2    | Paralysed by Erolcha for 5 turns
 18291 | Orc:2    | Noticed Josephine
 18292 | Orc:2    | Noticed a two-headed ogre
 18671 | Orc:1    | Paralysed by Erolcha for 2 turns
 18710 | Orc:1    | Paralysed by Erolcha for 3 turns
 18720 | Orc:1    | Killed Erolcha
 18926 | Orc:1    | Reached skill level 9 in Invocations
 19337 | Orc:1    | Killed a two-headed ogre
 19502 | Orc:2    | Killed Josephine
 19502 | Orc:2    | Reached skill level 5 in Necromancy
 20119 | Orc:2    | Noticed an orc high priest
 20564 | Orc:2    | Killed an orc high priest
 21474 | Orc:2    | Gained mutation: You have a pair of horns on your head. [demonic ancestry]
 21474 | Orc:2    | Reached XP level 12. HP: 89/89 MP: 15/22
 21595 | Orc:2    | Noticed an orc high priest
 22363 | Orc:2    | Killed an orc high priest
 22855 | Orc:2    | Reached skill level 10 in Invocations
 23347 | Orc:2    | Paralysed by an orc sorcerer for 3 turns
 23357 | Orc:2    | Paralysed by an orc sorcerer for 3 turns
 23409 | Orc:2    | Found Koruj's Assorted Antiques.
 23410 | Orc:2    | Found Posief's Antique Weapon Boutique.
 23412 | Orc:2    | Found Wyimiwn's Antique Weapon Shop.
 23412 | Orc:2    | Found Ryhoab's Weapon Shop.
 23519 | Orc:2    | Bought a crystal battleaxe for 425 gold pieces
 23519 | Orc:2    | Identified the +7 battleaxe "Veklexax" {chop, rF+ Dex+5} (You bought it in a shop on level 2 of the Orcish Mines)
 23881 | Orc:2    | Upgraded the game from 0.21-a0-216-g6d3fd91 to 0.21-a0-221-gfe971b9
 24114 | Lair:1   | Entered Level 1 of the Lair of Beasts
 24704 | Lair:1   | Noticed Joseph
 24715 | Lair:1   | Killed Joseph
 25261 | Lair:2   | Found a hole to the Spider Nest.
 25542 | Lair:2   | Noticed Nergalle
 25563 | Lair:2   | Killed Nergalle
 26356 | Lair:3   | Reached skill level 5 in Charms
 26398 | Lair:3   | Got a warped long sword
 26399 | Lair:3   | Identified the +6 long sword of Soxi {vamp, MR++ Int-3 Dex+3 Stlth+} (You found it on level 3 of the Lair of Beasts)
 26454 | Lair:3   | Reached XP level 13. HP: 67/98 MP: 14/24
 26805 | Lair:3   | Reached skill level 11 in Invocations
 26877 | Lair:3   | Found the +8 whip "Snakebite" {curare, rPois}
 27361 | Lair:3   | Found a staircase to the Swamp.
 29824 | Lair:5   | Reached ****** piety under Uskayaw
 29845 | Lair:5   | Reached skill level 10 in Dodging
 30294 | Lair:5   | Found a viscous altar of Jiyva.
 30295 | Lair:5   | Found a staircase to the Slime Pits.
 30683 | Lair:5   | Reached skill level 12 in Invocations
 31450 | Lair:6   | Entered Level 6 of the Lair of Beasts
 31872 | Lair:6   | Gained mutation: You are significantly more attuned to the shadows. [demonic ancestry]
 31872 | Lair:6   | Reached XP level 14. HP: 106/106 MP: 20/26
 33033 | Lair:6   | Lost mutation: You have large cloven feet. [potion of mutation]
 33033 | Lair:6   | Lost mutation: You expend magic power (3 MP) to strengthen your wands. [potion of mutation]
 33033 | Lair:6   | Lost mutation: Your spells are a little easier to cast, but a little less powerful. [potion of mutation]
 33033 | Lair:6   | Lost mutation: You are covered in fur. (AC +1) [potion of mutation]
 33033 | Lair:6   | Gained mutation: You are frail. (-10% HP) [potion of mutation]
 33033 | Lair:6   | Gained mutation: You are clumsy. (Dex -2) [potion of mutation]
 33033 | Lair:6   | Gained mutation: You have sharp toenails. [potion of mutation]
 33034 | Lair:6   | Lost mutation: You are clumsy. (Dex -2) [potion of mutation]
 33034 | Lair:6   | Gained mutation: You have razor-sharp toenails. [potion of mutation]
 33034 | Lair:6   | Gained mutation: Your spells are a little harder to cast, but a little more powerful. [potion of mutation]
 33034 | Lair:6   | Gained mutation: Your flesh is cold resistant. (rC+) [potion of mutation]
 33586 | Lair:6   | Found a runed door.
 33594 | Lair:6   | Paralysed by a hornet for 3 turns
 33791 | Lair:6   | Reached skill level 13 in Invocations
 33806 | Lair:6   | Learned a level 3 spell: Gell's Gravitas
 33813 | Lair:6   | Learned a level 6 spell: Dispersal
 33891 | Lair:6   | Learned a level 2 spell: Call Imp
 34081 | Lair:6   | Reached skill level 1 in Translocations
 34615 | Lair:6   | HP: 4/97 [eight-headed hydra (11)]
 34991 | D:11     | Noticed Sonja
 34991 | D:11     | Noticed Urug
 35001 | D:10     | Killed Urug
 35393 | D:11     | Killed Sonja
 35739 | D:11     | Found a gateway to a bazaar.
 36272 | D:11     | Noticed Grum
 36276 | D:11     | Killed Grum
 37621 | Bazaar   | Entered a bazaar
 37621 | Bazaar   | Found Kukkarirr's Distillery.
 37621 | Bazaar   | Found Inaff's Weapon Emporium.
 37622 | Bazaar   | Found Siuxtua's Armour Shop.
 37627 | Bazaar   | Found Ijokani's Food Boutique.
 37627 | Bazaar   | Found Sugh's Antique Weapon Shoppe.
 37636 | Bazaar   | Found Quhumate's Book Shoppe.
 37699 | Bazaar   | Bought a +2 pair of gloves for 214 gold pieces
 37710 | Bazaar   | Bought a potion of agility for 60 gold pieces
 37710 | Bazaar   | Bought a potion of heal wounds for 75 gold pieces
 37710 | Bazaar   | Bought a potion of haste for 150 gold pieces
 37710 | Bazaar   | Bought a potion of curing for 45 gold pieces
 37710 | Bazaar   | Bought a potion of curing for 45 gold pieces
 37710 | Bazaar   | Bought a potion of berserk rage for 75 gold pieces
 37710 | Bazaar   | Bought a potion of heal wounds for 75 gold pieces
 37710 | Bazaar   | Bought a potion of curing for 45 gold pieces
 37721 | Bazaar   | Bought a book of Spatial Translocations for 585 gold pieces
 37725 | Bazaar   | Learned a level 3 spell: Teleport Other
 37732 | Bazaar   | Learned a level 4 spell: Passage of Golubria
 37747 | Bazaar   | Bought a bread ration for 40 gold pieces
 37747 | Bazaar   | Bought a bread ration for 40 gold pieces
 37747 | Bazaar   | Bought a bread ration for 40 gold pieces
 37747 | Bazaar   | Bought a meat ration for 40 gold pieces
 37747 | Bazaar   | Bought a bread ration for 40 gold pieces
 37747 | Bazaar   | Bought a meat ration for 40 gold pieces
 37747 | Bazaar   | Bought a bread ration for 40 gold pieces
 37747 | Bazaar   | Bought a meat ration for 40 gold pieces
 38216 | D:12     | Gained mutation: You are partially covered in slimy green scales. (AC +2) [demonic ancestry]
 38216 | D:12     | Reached XP level 15. HP: 40/101 MP: 19/28
 38968 | D:13     | Noticed Rupert
 38970 | D:13     | Paralysed by Rupert for 7 turns
 39737 | D:13     | Killed Rupert
 40374 | D:14     | Found a gate to the Vaults.
 40382 | D:14     | Gained mutation: You are resistant to electric shocks. (rElec) [mutagenic meat]
 40383 | D:14     | Lost mutation: Your flesh is cold resistant. (rC+) [mutagenic meat]
 41424 | D:14     | Gained mutation: You are resistant to hostile enchantments. (MR+) [mutagenic meat]
 41514 | D:14     | Found a portal to a secret trove of treasure.
 41749 | Spider:1 | Entered Level 1 of the Spider Nest
 41781 | Spider:1 | Reached skill level 5 in Translocations
 42122 | Elf:1    | Entered Level 1 of the Elven Halls
 42492 | Elf:1    | Reached skill level 14 in Invocations
 43237 | Elf:1    | Gained mutation: Your spells are harder to cast, but more powerful. [mutagenic meat]
 43572 | Elf:1    | Gained mutation: Your magical and physical power is slightly enhanced at high health. [demonic ancestry]
 43572 | Elf:1    | Reached XP level 16. HP: 69/109 MP: 15/29
 43578 | Elf:1    | Reached skill level 10 in Fighting
 44172 | Elf:1    | Reached skill level 10 in Spellcasting
 44341 | Elf:1    | You fall through a shaft!
 44364 | Elf:2    | Noticed Azrael
 44371 | Elf:2    | Killed Azrael
 44594 | Elf:2    | Noticed Louise
 44615 | Elf:2    | Killed Louise
 45109 | Elf:2    | Found a runed gate.
 45120 | Elf:2    | Found a runed gate.
 45120 | Elf:2    | Found a runed gate.
 45187 | Elf:2    | Found Xeaj's General Store.
 45242 | Elf:2    | Bought a potion of mutation for 152 gold pieces
 45242 | Elf:2    | Bought a potion of heal wounds for 95 gold pieces
 45327 | Elf:2    | Lost mutation: Your spells are harder to cast, but more powerful. [potion of mutation]
 45327 | Elf:2    | Lost mutation: You are frail. (-10% HP) [potion of mutation]
 45327 | Elf:2    | Lost mutation: You are resistant to electric shocks. (rElec) [potion of mutation]
 45327 | Elf:2    | Gained mutation: Your mind is acute. (Int +2) [potion of mutation]
 45327 | Elf:2    | Gained mutation: You occasionally shout uncontrollably at your foes. [potion of mutation]
 45327 | Elf:2    | Gained mutation: You are highly resistant to hostile enchantments. (MR++) [potion of mutation]
 46390 | Elf:2    | Reached skill level 10 in Axes
 47817 | Elf:2    | Gained mutation: A demonic guardian rushes to your aid. [demonic ancestry]
 47817 | Elf:2    | Reached XP level 17. HP: 119/129 MP: 28/31
 48140 | Elf:2    | Noticed a Hell Sentinel
 48216 | Elf:3    | Entered Level 3 of the Elven Halls
 48495 | Elf:3    | Found Nohaanut's Gadget Shop.
 48584 | Elf:3    | Reached skill level 15 in Invocations
 48983 | Elf:3    | Noticed a deep elf blademaster
 49597 | Swamp:1  | Entered Level 1 of the Swamp
 49602 | Swamp:1  | Reached skill level 10 in Armour
 50768 | Swamp:1  | Paralysed by a hornet for 1 turns
 51690 | Swamp:1  | HP: 6/131 [thorn hunter/volley of thorns (18)]
 51691 | Swamp:1  | Killed from afar by a thorn hunter

Vault maps used:
D:1:      nicolae_arrival_memento_mori, hangedman_glass_teeth, xom_teletrap_fun
D:2:      hangedman_decor_growths
D:3:      serial_bayou, serial_bayou_shore_b, serial_bayou_shore_a,
          serial_bayou_lagoon_a, serial_bayou_pond_d, serial_bayou_shore_b
D:4:      elyvilon_altar_3, first_bread, uniq_blork_the_orc
D:5:      uniq_crazy_yiuf_cottage
D:6:      overflow_temple_1_default, minitemple, minmay_temple_entry_poolview,
          uniq_eustachio
D:7:      zin_purify, serial_glass, glass_columns_c, glass_columns_a,
          glass_columns_b, glass_columns_a, glass_columns_a, glass_columns_c,
          glass_columns_b, glass_columns_a, glass_columns_a, glass_columns_a
D:8:      kennysheep_little_box
D:9:      kennysheep_housing_project, serial_shops, shop, blue_anna_alchemist
D:10:     dpeg_lair_monsters, orc_0_dummy
D:11:     serial_shops, statue_bzr, introduction_to_nature_1, uniq_sonja,
          uniq_urug, uniq_grum
D:13:     uniq_rupert
D:14:     david_vaults_3, trove_entry_hex_spiral, minmay_misc_feat_secret_circle
Temple:   nicolae_temple_x_marks_the_god
Lair:1:   serial_bayou_shore_b, uniq_joseph
Lair:2:   spider_nest_entry_a, lemuel_fruit_tree, uniq_nergalle
Lair:3:   minmay_guarded_unrand_snakebite, nicolae_swamp_entry_splash_gauntlet,
          beast_lair_carwin_2
Lair:4:   grunt_megastairs_3
Lair:5:   dpeg_slime_entry_enclosed_altar, nicolae_quartered_pool_little,
          lemuel_fruit_fields
Lair:6:   hangedman_lair_tendril_chambers, wormcave
Swamp:1:  serial_swamp_ruin, evilmike_swamp_ruin_house_1,
          hangedman_swamp_ruin_hall, evilmike_swamp_ruin_house_2
Spider:1: special_room, guppyfry_spider_mini_3
Orc:1:    nicolae_orc_accident_3
Orc:2:    st_orc_mages, uniq_josephine, uniq_erolcha
Elf:1:    eino_elf_arrival_sip, serial_aquarium, aquarium_bridge_long_joined,
          aquarium_bridge_square, aquarium_window_corner, aquarium_window_3,
          aquarium_window_corner, aquarium_view_2c, aquarium_balcony_3b,
          hangedman_elven_crosses_minicolossus
Elf:2:    serial_shops, shop, hex_medium, uniq_azrael, uniq_louise
Elf:3:    elf_hall_gauntlet_wide, serial_shops, shop
Bazaar:   bazaar_minmay_generic_island

Skill      XL: |  1  2  3  4  5  6  7  8  9 10 11 12 13 14 15 16 17 |
---------------+----------------------------------------------------+-----
Dodging        | 2 3 4 5 6 7 8 9 10 11 12 13 | 13.2
Armour         | 1 2 3 4 5 6 7 8 9 10 | 10.1
Axes           | 2 3 4 5 6 7 8 9 10 | 10.4
Charms         | 3 4 5 6 |  6.4
Stealth        | 1 2 3 4 5 6 7 8 9 |  9.9
Spellcasting   | 3 4 5 6 7 8 9 10 | 10.8
Fighting       | 3 4 5 6 7 8 9 10 11 | 11.0
Invocations    | 1 4 7 9 10 12 13 14 15 | 15.2
Necromancy     | 1 2 4 5 |  5.4
Translocations | 3 5 7 8 |  8.8

Action                   |  1- 3 |  4- 6 |  7- 9 | 10-12 | 13-15 | 16-18 || total
-------------------------+-------+-------+-------+-------+-------+-------++-------
Melee: Hand axe          |   182 |   240 |   460 |  1229 |       |       ||  2111
       Kick              |       |       |   112 |   203 |       |       ||   315
       Headbutt          |       |       |    35 |   337 |   276 |   126 ||   774
       Battleaxe         |       |       |       |   159 |  1079 |   474 ||  1712
Throw: Stone             |     2 |     2 |     1 |    16 |    45 |    12 ||    78
 Cast: Infusion          |     7 |     3 |    21 |    80 |    70 |    39 ||   220
       Shroud of Golubri |     5 |    14 |    43 |   176 |   150 |    73 ||   461
       Regeneration      |       |       |    11 |   136 |   100 |    54 ||   301
       Call Imp          |       |       |       |       |    21 |       ||    21
       Teleport Other    |       |       |       |       |     2 |    26 ||    28
       Gell's Gravitas   |       |       |       |       |     1 |       ||     1
Invok: Stomp             |       |       |     3 |    26 |     6 |     1 ||    36
       Line Pass         |       |       |     1 |     3 |     3 |     1 ||     8
       Grand Finale      |       |       |       |       |     2 |       ||     2
Evoke: Wand              |       |       |       |       |     7 |     4 ||    11
  Use: Potion            |     2 |     6 |     7 |     8 |    18 |     7 ||    48
       Scroll            |       |     4 |    11 |    10 |    26 |     8 ||    59
 Stab: Sleeping          |     6 |     6 |     5 |     6 |    33 |     9 ||    65
       Distracted        |       |     1 |     3 |    16 |    17 |     2 ||    39
       Paralysed         |       |       |     8 |    64 |    85 |    43 ||   200
       Confused          |       |       |       |     1 |     1 |     2 ||     4
  Eat: Chunk             |     2 |     8 |    15 |    28 |    37 |     5 ||    95
       Meat ration       |     2 |       |     1 |     1 |       |     3 ||     7
       Royal jelly       |       |       |     2 |     2 |     5 |     2 ||    11
       Bread ration      |       |       |     1 |     1 |       |       ||     2
       Fruit             |       |       |       |    29 |    29 |     7 ||    65
Armor: Leather armour    |    25 |    61 |    47 |       |       |       ||   133
       Scale mail        |       |       |   178 |   681 |   727 |   333 ||  1919
       Plate armour      |       |       |       |     4 |       |       ||     4
Dodge: Dodged            |   101 |   148 |   308 |  1055 |  1334 |   583 ||  3529

Table legend:
 A = Spawn XP
 B = Non-spawn XP
 C = Spawn XP percentage of total XP
 D = Spawn monster count
 E = Non-spawn monster count
 F = Spawn count percentage of total count
 G = Total turns spent on level
                    A         B        C        D         E        F      G
               +---------+---------+-------+---------+---------+-------+---------
         Total |   56425 |  202292 |  21.8 |     206 |     864 |  19.3 | 51691
               +---------+---------+-------+---------+---------+-------+---------
           D:1 |      21 |      26 |  44.7 |      10 |      17 |  37.0 |  2098
           D:2 |       6 |      39 |  13.3 |       4 |      16 |  20.0 |  1158
           D:3 |      28 |     116 |  19.4 |       8 |      31 |  20.5 |  1867
           D:4 |      81 |     539 |  13.1 |       5 |      12 |  29.4 |  1799
           D:5 |     249 |     492 |  33.6 |       4 |      15 |  21.1 |  2130
           D:6 |     230 |     618 |  27.1 |       4 |      22 |  15.4 |  1470
           D:7 |     354 |    1709 |  17.2 |      10 |      44 |  18.5 |  1402
           D:8 |     358 |    3223 |  10.0 |       2 |      30 |   6.2 |  1604
           D:9 |     149 |    4282 |   3.4 |       6 |      53 |  10.2 |  2522
          D:10 |     325 |    2975 |   9.8 |       4 |      26 |  13.3 |  1837
          D:11 |    4291 |    4988 |  46.2 |      28 |      33 |  45.9 |  2480
          D:12 |     849 |    6732 |  11.2 |       8 |      41 |  16.3 |  1252
          D:13 |     120 |    7841 |   1.5 |       2 |      23 |   8.0 |  1020
          D:14 |    1545 |   15042 |   9.3 |       5 |      51 |   8.9 |  1395
        Lair:1 |     400 |    2965 |  11.9 |       1 |      10 |   9.1 |  1046
        Lair:2 |     101 |    5272 |   1.9 |       1 |      20 |   4.8 |  1535
        Lair:3 |    1385 |    5530 |  20.0 |       4 |      33 |  10.8 |  1756
        Lair:4 |     566 |    4587 |  11.0 |       2 |      16 |  11.1 |  1456
        Lair:5 |    4999 |    8111 |  38.1 |      13 |      32 |  28.9 |  2104
        Lair:6 |    7364 |   22516 |  24.6 |      21 |      78 |  21.2 |  3356
       Swamp:1 |    2682 |   11675 |  18.7 |       7 |      27 |  20.6 |  2094
      Spider:1 |       0 |    1270 |   0.0 |       0 |       3 |   0.0 |    46
         Orc:1 |       0 |    4994 |   0.0 |       0 |      38 |   0.0 |  3990
         Orc:2 |     710 |    6751 |   9.5 |      10 |      66 |  13.2 |  2691
         Elf:1 |    8918 |   19922 |  30.9 |      15 |      34 |  30.6 |  2693
         Elf:2 |   16979 |   39616 |  30.0 |      27 |      65 |  29.3 |  3526
         Elf:3 |    3715 |   20461 |  15.4 |       5 |      28 |  15.2 |  1141
               +---------+---------+-------+---------+---------+-------+---------
